 Dungeon Crawl Stone Soup version 0.30-a0-630-g881e3bac89 (webtiles) character file.

Game seed: 12085763342780459331

4876 M4edhros the Severer (level 10, -13/79 HPs)
             Began as a Minotaur Fighter on Jan 13, 2023.
             Killed from afar by an acid dragon (29 damage)
             ... with a splash of acid
             ... on level 9 of the Dungeon.
             The game lasted 00:04:24 (3780 turns).

M4edhros the Severer (Minotaur Fighter)             Turns: 3780, Time: 00:04:25

Health: -13/79     AC:  8    Str: 20    XL:     10   Next: 26%
Magic:  9/9        EV: 10    Int:  5    God:
Gold:   181        SH:  5    Dex: 15    Spells: 9/9 levels left

rFire   . . .      SeeInvis +    a - +0 war axe
rCold   . . .      Faith    .    c - +0 buckler
rNeg    . . .      Spirit   .    d - +0 troll leather armour {Pargi}
rPois   .          Reflect  .    (helmet restricted)
rElec   .          Harm     .    (no cloak)
rCorr   .          Rampage  .    (no gloves)
Will    .....                    (no boots)
Stlth   +                        (no amulet)
HPRegen 1.13/turn                j - +4 ring of protection
MPRegen 0.11/turn                n - ring of see invisible

@: lethally poisoned (-13 -> -25)
A: horns 2, retaliatory headbutt
a: no special abilities


You were on level 9 of the Dungeon.
You visited 1 branch of the dungeon, and saw 9 of its levels.
You also visited: Sewer.

You collected 335 gold pieces.
You spent 154 gold pieces at shops.

Inventory:

Hand Weapons
 a - a +0 war axe (weapon)
Armour
 c - a +0 buckler (worn)
 d - a +0 troll leather armour (worn) {Pargi}
 g - the +1 ring mail of Fanlu {rC+ rCorr}
   (You found it on level 3 of the Dungeon)

   rC:        It protects you from cold.
   rCorr:     It protects you from acid and corrosion.
 i - a +0 tower shield
 H - a +0 troll leather armour
Jewellery
 j - a +4 ring of protection (left hand)
 n - a ring of see invisible (right hand)
 x - a ring of positive energy
 A - a +6 ring of strength
 D - an amulet of reflection
Wands
 o - a wand of flame (38)
 s - a wand of mindburst (12)
 G - a wand of roots (3)
 I - a wand of light (9)
Scrolls
 e - a scroll of butterflies {unknown}
 l - 2 scrolls of amnesia {unknown}
 q - 2 scrolls of immolation {unknown}
 r - 2 scrolls of fog
 t - a scroll of poison {unknown}
 u - a scroll of torment {unknown}
 v - 7 scrolls of teleportation
 w - 4 scrolls of identify {unknown}
 y - a scroll of fear
 J - a scroll of enchant armour {unknown}
Potions
 b - a potion of haste {unknown}
 f - 2 potions of attraction {unknown}
 h - a potion of might
 k - 2 potions of invisibility {unknown}
 m - 3 potions of berserk rage {unknown}
 p - a potion of heal wounds {unknown}
 z - a potion of lignification {unknown}
 B - a potion of magic {unknown}
 C - 2 potions of curing {unknown}
 E - a potion of mutation {unknown}
 F - a potion of resistance {unknown}


   Skills:
 - Level 4.2 Fighting
 + Level 17.3 Axes
 - Level 4.2 Armour
 - Level 4.1 Shields


You had 9 spell levels left.
You didn't know any spells.
Your spell library contained the following spells:

 Spells                   Type           Power      Damage    Failure   Level
 Blink                    Tloc           0%         N/A       77%         2
 Cigotuvi's Dreadful Rot  Necr/Pois/Air  0%         N/A       77%         2
 Momentum Strike          Conj/Tloc      0%         3d8       77%         2
 Poisonous Vapours        Pois/Air       0%         N/A       77%         2
 Call Canine Familiar     Summ           0%         N/A       94%         3
 Lesser Beckoning         Tloc           0%         N/A       94%         3
 Mephitic Cloud           Conj/Pois/Air  0%         N/A       94%         3
 Portal Projectile        Hex/Tloc       0%         N/A       94%         3
 Leda's Liquefaction      Hex/Erth       0%         N/A       100%        4


Dungeon Overview and Level Annotations

Branches:
Dungeon (9/15)              Sewer (visited)
 Temple: D:4-7         Lair: D:8-11         Orc: D:9-12

Altars:

Shops:
D:5 :   D:6 ?


Innate Abilities, Weirdness & Mutations

You have a pair of horns on your head.
You reflexively headbutt those who attack you in melee.


Message History

The bullfrog hits you but does no damage.
The orc wizard mumbles some strange words.
The orc wizard flickers and vanishes for a moment.
The acid dragon barely misses you. You furiously retaliate!
You headbutt the acid dragon, but do no damage.
The acid dragon claws you. The killer bee stings you.
You are more poisoned.
The killer bee poisons you!
You slash the bullfrog!
The bullfrog is almost dead.
You closely miss the killer bee. You barely miss the orc warrior.
You hit the acid dragon.
You feel very sick. The bullfrog hits you. You block the killer bee's attack.
The orc warrior hits you with a +0 mace!
The acid dragon barely misses you. The acid dragon closely misses you.
You are too injured to fight recklessly!
You are too injured to fight recklessly!
Okay, then.
Aiming: Fastroot
Press: ? - help, Shift-Dir - straight line The roots erupt in riotous growth!
Roots grab the orc warrior.
Roots grab the bullfrog.
Roots grab the orc.
Roots grab the killer bee.
Roots grab the acid dragon.
The grasping roots constrict the acid dragon!
The grasping roots constrict the killer bee.
The grasping roots constrict the bullfrog.
You kill the bullfrog!
The grasping roots constrict the orc warrior.
The grasping roots constrict the orc.
You feel very sick. You block the killer bee's attack.
The killer bee stings you.
* * * LOW HITPOINT WARNING * * *
You are more poisoned.
The killer bee poisons you!
The orc warrior hits you with a +0 mace.
* * * LOW HITPOINT WARNING * * *
The acid dragon spits acid at you. The splash of acid hits you!!
You die...

#...# #.### ########+
####.### #........
#......# #........
#......# #....<...
#......# #........
##......# #........
........########oy......
##.............#@oo#
##......######.'.D.#
#.......# ###...#
#.......# #.......
#.)#.#..# #.>.....
#.......# ########
#..#.#..# ##.....##
#######


You could see an orc warrior (rooted), an acid dragon (catching breath, rooted),
a killer bee (rooted), an orc wizard (invisible) and an orc (rooted).

Vanquished Creatures
  A two-headed ogre (D:9)
  A kobold demonologist (D:8)
  2 trolls (D:8)
  A hornet (D:8)
  Prince Ribbit (D:7)
  2 shadows (D:8)
  A basilisk (D:8)
  A wyvern (D:8)
  A vampire mosquito (D:8)
  An acid dragon (D:9)
  A water moccasin (D:6)
  Duvessa (D:4)
  Pargi (Sewer)
  4 centaurs
  2 ogres
  3 bullfrogs
  Blork the orc (D:5)
  2 scorpions
  12 wights
  Dowan (D:4)
  3 killer bees (D:9)
  A howler monkey (D:5)
  A hound (D:3)
  A gnoll bouda (D:6)
  An orc priest (D:7)
  A jelly (D:8)
  4 iguanas
  3 orc wizards
  8 gnolls
  3 adders
  A shadow imp (D:8)
  2 dart slugs
  16 orcs
  6 bats
  2 endoplasms
  A giant cockroach (D:3)
  2 goblins
  3 hobgoblins
  3 jackals (D:4)
  4 ball pythons
  2 frilled lizards (D:3)
  7 kobolds
  6 rats
121 creatures vanquished.

Vanquished Creatures (others)
  2 plants (D:8)
2 creatures vanquished.

Grand Total: 123 creatures vanquished

Notes
Turn   | Place    | Note
-------+----------+-------------------------------------------
     0 | D:1      | M4edhros the Minotaur Fighter began the quest for the Orb.
     0 | D:1      | Reached XP level 1. HP: 19/19 MP: 0/0
    66 | D:2      | Reached XP level 2. HP: 13/27 MP: 1/1
   209 | D:3      | Reached skill level 3 in Axes
   209 | D:3      | Reached XP level 3. HP: 24/33 MP: 2/2
   531 | D:3      | Found a glowing drain.
   548 | D:3      | Identified the +1 ring mail of Fanlu {rC+ rCorr}
   567 | Sewer    | Entered a sewer
   594 | Sewer    | Noticed Pargi
   603 | Sewer    | Killed Pargi
   604 | Sewer    | Reached skill level 5 in Axes
   604 | Sewer    | Reached XP level 4. HP: 30/40 MP: 3/3
   604 | Sewer    | Reached XP level 5. HP: 35/46 MP: 4/4
   826 | D:3      | Reached skill level 6 in Axes
   932 | D:4      | Noticed Duvessa
   941 | D:4      | Killed Duvessa
   942 | D:4      | Reached skill level 7 in Axes
   942 | D:4      | Reached XP level 6. HP: 50/52 MP: 5/5
   951 | D:4      | Noticed Dowan
   959 | D:4      | Killed Dowan
  1055 | D:5      | Entered Level 5 of the Dungeon
  1090 | D:5      | Reached skill level 8 in Axes
  1176 | D:5      | Reached XP level 7. HP: 56/59 MP: 6/6
  1217 | D:5      | Found Soimenawn's Tremendous Tomes.
  1464 | D:5      | Noticed Blork the orc
  1470 | D:5      | Killed Blork the orc
  1471 | D:5      | Reached skill level 9 in Axes
  1639 | D:5      | You fall into a shaft and drop 1 floor!
  1771 | D:6      | Reached skill level 10 in Axes
  1798 | D:6      | Reached XP level 8. HP: 59/66 MP: 7/7
  1926 | D:6      | Reached skill level 11 in Axes
  2130 | D:6      | Found Demneorchi's Magic Scroll Shop.
  2135 | D:6      | Bought a scroll of teleportation for 42 gold pieces
  2135 | D:6      | Bought a scroll of fear for 56 gold pieces
  2135 | D:6      | Bought a scroll of fog for 56 gold pieces
  2369 | D:7      | Reached skill level 12 in Axes
  2633 | D:7      | Noticed Prince Ribbit
  2666 | D:7      | Killed Prince Ribbit
  2808 | D:8      | Reached skill level 13 in Axes
  2894 | D:8      | Noticed a hornet
  2897 | D:8      | Killed a hornet
  2898 | D:8      | Reached XP level 9. HP: 43/71 MP: 8/8
  3007 | D:8      | Reached skill level 14 in Axes
  3253 | D:8      | Noticed a kobold demonologist
  3253 | D:8      | Noticed a troll
  3268 | D:8      | Killed a troll
  3269 | D:8      | Reached skill level 15 in Axes
  3272 | D:8      | Killed a kobold demonologist
  3385 | D:8      | Noticed a troll
  3399 | D:8      | Killed a troll
  3400 | D:8      | Reached skill level 16 in Axes
  3590 | D:9      | Reached XP level 10. HP: 48/79 MP: 9/9
  3734 | D:9      | Noticed a two-headed ogre
  3744 | D:9      | Killed a two-headed ogre
  3745 | D:9      | Reached skill level 17 in Axes
  3780 | D:9      | Killed from afar by an acid dragon

Illustrated notes

Levels and vault maps discovered:
D:1:      onia_arrival_handbag, layout_basic, nicolae_ecumenical_snake_handling
D:2:      layout_basic, roderic_roman_lattice
D:3:      wad_crossroads, layout_rooms, portal_sewer_entry_a
D:4:      layout_cave_pools, fountainhead, uniq_duvessa, uniq_crazy_yiuf_cottage
D:5:      corexii_shack_village, layout_layer_cave, minmay_temple_entry_hall,
          nicolae_shop_i_like_big_books, amethyst_killhole, uniq_blork_the_orc
D:6:      layout_loops_ring, serial_shops, shop
D:7:      layout_loops_ring, roderic_serpentine_path,
          chequers_serial_rivers_large_b, uniq_prince_ribbit1
D:8:      layout_gridville, dk_noncrumbling_4, minmay_shattered_shrine
D:9:      layout_roguey, kennysheep_mini, nemelex_spade_bored_becter,
          serial_glass, glass_columns_b, glass_columns_a, uniq_harold

Skill      XL: |  1  2  3  4  5  6  7  8  9 10 |
---------------+-------------------------------+-----
Fighting       | 4 |  4.2
Axes           | 3 5 7 8 10 13 16 17 | 17.3
Armour         | 4 |  4.2
Shields        | 4 |  4.1

Action                   |  1- 3 |  4- 6 |  7- 9 | 10-12 || total
-------------------------+-------+-------+-------+-------++-------
Melee: War axe           |    73 |    51 |   206 |    28 ||   358
       Headbutt          |     8 |     9 |    45 |     6 ||    68
Evoke: Wand              |       |       |     2 |     1 ||     3
  Use: Potion            |     1 |       |       |       ||     1
 Stab: Sleeping          |       |       |     1 |       ||     1
Armor: Scale mail        |    39 |       |       |       ||    39
       Troll leather arm |       |    12 |    77 |     8 ||    97
Dodge: Dodged            |    52 |    25 |    91 |    22 ||   190
Block: Buckler           |    22 |    15 |    49 |    10 ||    96

Table legend: (Time is in decaauts)
 A = Elapsed time spent in this place.
 B = Non-inter-level travel time spent in this place.
 C = Inter-level travel time spent in this place.
 D = Time resting spent in this place.
 E = Time spent auto-exploring this place.
 F = Levels seen in this place.
 G = Mean time per level.
                   A        B        C        D        E       F      G
               +--------+--------+--------+--------+--------+-----+--------+
         Total |   3794 |   3643 |    151 |     11 |   2702 |  10 |  379.4 |
       Dungeon |   3628 |   3477 |    151 |     11 |   2599 |   9 |  403.1 |
         Sewer |    165 |    165 |      0 |      0 |    103 |   1 |  165.0 |
               +--------+--------+--------+--------+--------+-----+--------+

Top non-repeatable levels by time:
     D:8: 822 daAuts
     D:3: 678 daAuts
     D:6: 678 daAuts
     D:5: 587 daAuts
     D:7: 408 daAuts
     D:9: 207 daAuts
   Sewer: 165 daAuts
     D:4: 161 daAuts
     D:2: 71 daAuts
     D:1: 14 daAuts
